 Dungeon Crawl Stone Soup version 0.23-a0-183-gf37f6fb (webtiles) character file.

81 galech the Skirmisher (level 4, 0/35 HPs)
             Began as a Demonspawn Fighter on Sept 21, 2018.
             Slain by an ogre
             ... wielding a +0 giant club
              (16 damage)
             ... on level 3 of the Dungeon.
             The game lasted 00:02:26 (1685 turns).

galech the Skirmisher (Demonspawn Fighter)          Turns: 1685, Time: 00:02:27

Health: 0/35       AC: 14    Str: 16    XL:     4   Next: 20%
Magic:  4/4        EV:  2    Int: 10    God:
Gold:   108        SH:  0    Dex: 13    Spells: 3/3 levels left

rFire    . . .     SeeInvis .   a - +0 war axe
rCold    . . .     Gourm    .   c - +0 shield
rNeg     + . .     Faith    .   r - +0 chain mail
rPois    .         Spirit   .   (no helmet)
rElec    .         Reflect  .   s - +0 cloak
rCorr    .         Harm     .   g - +0 pair of gloves
MR       .....                  (no boots)
Stlth    ..........             (no amulet)
HPRegen  0.11/turn              j - ring of positive energy
MPRegen  0.09/turn              m - ring of flight

@: held
A: icy blue scales 2, powered by pain 1
a: Evoke Flight


You were on level 3 of the Dungeon.
You were not hungry.

You visited 1 branch of the dungeon, and saw 3 of its levels.

You collected 108 gold pieces.

Inventory:

Hand Weapons
 a - a +0 war axe (weapon)
Armour
 c - a +0 shield (worn)
 g - a +0 pair of gloves (worn)
 r - a +0 chain mail (worn)
 s - a +0 cloak (worn)
Jewellery
 j - a ring of positive energy (left hand)
 m - a ring of flight (right hand)
Wands
 n - a wand of flame (26)
Scrolls
 b - a scroll of identify {unknown}
 k - a scroll of magic mapping {unknown}
 l - a scroll of enchant armour {unknown}
 o - 3 scrolls of remove curse {unknown}
 q - a scroll of blinking {unknown}
Potions
 d - 2 potions of might
 e - 2 potions of agility {unknown}
 h - 3 potions of curing {unknown}
 i - a potion of brilliance {unknown}
 t - a potion of heal wounds {unknown}
Comestibles
 f - 11 rations
 p - 8 chunks of flesh


   Skills:
 + Level 3.3 Fighting
 + Level 2.8 Axes
 + Level 3.1 Armour
 + Level 0.4 Dodging
 + Level 3.3 Shields


You had 3 spell levels left.
You didn't know any spells.
Your spell library was empty.

Dungeon Overview and Level Annotations

Branches:
Dungeon (3/15)

Altars:


Innate Abilities, Weirdness & Mutations

You are mostly covered in icy blue scales. (AC +3)
You sometimes gain a little power by taking damage.


Message History

The gnoll hits you from afar with a halberd.
You are too injured to fight recklessly!
You are too injured to fight recklessly!
You are too injured to fight recklessly!
You are too injured to fight recklessly!
You are too injured to fight recklessly!
You are too injured to fight recklessly!
You are too injured to fight recklessly!
You are too injured to fight recklessly!
You are too injured to fight recklessly!
You are too injured to fight recklessly!
You are too injured to fight recklessly!
You are too injured to fight recklessly!
You are too injured to fight recklessly!
Unknown command.
The gnoll throws a throwing net.
The throwing net hits you.
You become entangled in the net!
You see here a throwing net.
You struggle against the net.
The ogre hits you with a giant club!
You die...

####### ######### ......#
#.......#
#####.###########........
..#...............g......
#.#>........[...@Og......
#.#.#.###########g.......
#.#+#.# #g.......
......##### #######..
.#........# .
.#....###.#######
.#..............#
.#...[#.........#
................#


You could see an ogre and 4 gnolls.

Vanquished Creatures
  A gnoll (D:3)
  2 adders
  A worm (D:2)
  3 dart slugs (D:1)
  2 leopard geckos
  An orc (D:3)
  2 giant cockroaches (D:2)
  5 goblins
  4 hobgoblins
  2 ball pythons (D:2)
  10 bats
  2 frilled lizards
  3 kobolds
  7 rats
45 creatures vanquished.

Notes
Turn   | Place    | Note
-------+----------+-------------------------------------------
     0 | D:1      | galech the Demonspawn Fighter began the quest for the Orb.
     0 | D:1      | Reached XP level 1. HP: 18/18 MP: 1/1
   178 | D:1      | Gained mutation: You are partially covered in icy blue
                  | scales. (AC +2) [demonic ancestry]
   178 | D:1      | Reached XP level 2. HP: 22/24 MP: 2/2
  1031 | D:2      | Gained mutation: You are mostly covered in icy blue scales.
                  | (AC +3) [demonic ancestry]
  1031 | D:2      | Reached XP level 3. HP: 24/29 MP: 3/3
  1473 | D:3      | Gained mutation: You sometimes gain a little power by
                  | taking damage. [demonic ancestry]
  1473 | D:3      | Reached XP level 4. HP: 33/35 MP: 4/4
  1677 | D:3      | Noticed an ogre
  1685 | D:3      | Slain by an ogre

Vault maps used:
D:1:      kennysheep_arrival_forest, solitary_fountain
D:3:      chequers_ecumenical_altar_grove, first_ration

Skill      XL: |  1  2  3 |
---------------+----------+-----
Shields        | 3 |  3.3
Axes           | 2 |  2.8
Armour         | 3 |  3.1
Fighting       | |  3.3
Dodging        | |  0.4

Action                   |  1- 3 |  4- 6 || total
-------------------------+-------+-------++-------
Melee: War axe           |   143 |    18 ||   161
  Eat: Chunk             |     2 |     1 ||     3
Armor: Scale mail        |    91 |       ||    91
       Chain mail        |    15 |    17 ||    32
Dodge: Dodged            |    37 |     4 ||    41
Block: Shield            |    72 |    16 ||    88

Table legend:
 A = Non-vault XP
 B = Vault XP
 C = Vault XP percentage of total XP
 D = Non-vault monster count
 E = Vault monster count
 F = Vault count percentage of total count
                 A         B        C        D         E       F
            +---------+---------+-------+---------+---------+-------
      Total |     117 |       0 |   0.0 |      45 |       0 |   0.0
            +---------+---------+-------+---------+---------+-------
        D:1 |      35 |       0 |   0.0 |      20 |       0 |   0.0
        D:2 |      37 |       0 |   0.0 |      15 |       0 |   0.0
        D:3 |      45 |       0 |   0.0 |      10 |       0 |   0.0
            +---------+---------+-------+---------+---------+-------
